 Dungeon Crawl Stone Soup version 0.27.1-4-g1640c2035a (webtiles) character file.

Game seed: 4518356492914091423

53 MisterFreud the Skirmisher (level 3, 0/37 HPs)
             Began as a Minotaur Abyssal Knight on Nov 17, 2021.
             Was a Follower of Lugonu.
             Frozen to death by an endoplasm (3 damage)
             ... on level 3 of the Dungeon.
             The game lasted 00:01:48 (1796 turns).

MisterFreud the Skirmisher (MiAK)                   Turns: 1796, Time: 00:01:50

Health: 0/37       AC:  3    Str: 17    XL:     3   Next: 62%
Magic:  3/3        EV: 11    Int:  9    God:    Lugonu [*.....]
Gold:   59         SH:  0    Dex:  9    Spells: 2/2 levels left

rFire    . . .     SeeInvis .   a - +1 falchion
rCold    . . .     Faith    .   (no shield)
rNeg     . . .     Spirit   .   b - +0 leather armour
rPois    .         Reflect  .   (helmet restricted)
rElec    .         Harm     .   (no cloak)
rCorr    .         Rampage  .   (no gloves)
Will     .....                  (no boots)
Stlth    +.........             (no amulet)
HPRegen  0.12/turn              (no ring)
MPRegen  0.08/turn              (no ring)

@: lethally poisoned (0 -> -5)
A: horns 2, retaliatory headbutt
a: Renounce Religion, Depart the Abyss


You were on level 3 of the Dungeon.
You worshipped Lugonu.
Lugonu was aware of your devotion.
You visited 1 branch of the dungeon, and saw 3 of its levels.
You visited the Abyss 1 time.

You collected 59 gold pieces.

Inventory:

Hand Weapons
 a - a +1 falchion (weapon)
 d - a +0 whip
Missiles
 n - 2 boomerangs
Armour
 b - a +0 leather armour (worn)
Scrolls
 f - a scroll of acquirement {unknown}
 g - a scroll of vulnerability {unknown}
 i - 2 scrolls of blinking {unknown}
 j - 2 scrolls of identify {unknown}
 k - a scroll of amnesia {unknown}
Potions
 c - 2 potions of lignification {unknown}
 e - 2 potions of flight {unknown}
 h - a potion of resistance {unknown}
 l - a potion of might {unknown}
 m - a potion of berserk rage {unknown}


   Skills:
 + Level 5.6 Fighting
 - Level 2.4 Long Blades
 - Level 2.4 Armour
 - Level 1.1 Dodging
 - Level 1.7 Invocations


You had 2 spell levels left.
You didn't know any spells.
Your spell library contained the following spells:

 Spells                   Type           Power      Damage    Failure   Level
 Corona                   Hex            0%         N/A       43%         1
 Ensorcelled Hibernation  Hex/Ice        0%         N/A       58%         2
 Tukima's Dance           Hex            0%         N/A       82%         3


Dungeon Overview and Level Annotations

Branches:
Dungeon (3/15)

Altars:

Shops:
D:3 (


Innate Abilities, Weirdness & Mutations

You have a pair of horns on your head.
You reflexively headbutt those who attack you in melee.


Message History

Your leather armour prevents you from hitting the adder.
The adder bites you. x2
You are poisoned.
The adder poisons you!
You barely miss the adder.
You feel sick. The adder bites you.
You are more poisoned.
The adder poisons you!
You closely miss the adder.
You feel very sick.
The endoplasm quivers.
The adder bites you.
You are more poisoned.
The adder poisons you! The adder bites you but does no damage.
You hit the adder but do no damage.
You feel very sick. The adder barely misses you.
You slash the adder!
The adder is severely wounded.
You feel very sick. The adder bites you but does no damage.
The adder bites you.
You closely miss the adder.
The adder is severely wounded.
You feel sick. The adder closely misses you. The adder bites you.
* * * LOW HITPOINT WARNING * * *
You are more poisoned.
The adder poisons you!
You barely miss the adder.
The adder is severely wounded.
* * * LOW HITPOINT WARNING * * *
You feel very sick. The adder bites you.
* * * LOW HITPOINT WARNING * * *
Unknown command.
You closely miss the adder. Your headbutt misses the adder.
The adder is severely wounded.
* * * LOW HITPOINT WARNING * * *
You feel sick. The adder bites you but does no damage.
The endoplasm freezes you.
You are frozen.
You die...

#.##..... #........
#........ . #........
.### ##........ ...
......... #
#.#######........
#...#...!............
#...#....@..#........
J.......SJ..#.#######
....|.......#)#
....#.......#.#
...$#.......#.#
..#.......#.#
..........#.###
..............####
..................


You could see an adder and an endoplasm.

Vanquished Creatures
  An adder (D:2)
  A worm (D:2)
  A dart slug (D:2)
  6 orcs (D:3)
  3 ball pythons
  2 endoplasms (D:1)
  2 goblins (D:2)
  2 hobgoblins
  2 jackals (D:1)
  3 kobolds (D:2)
  2 quokkas (D:1)
  5 rats
30 creatures vanquished.

Notes
Turn   | Place    | Note
-------+----------+-------------------------------------------
     0 | Abyss:1  | MisterFreud the Minotaur Abyssal Knight began the quest for
                  | the Orb.
     0 | Abyss:1  | Reached XP level 1. HP: 19/19 MP: 1/1
    57 | Abyss:1  | Noticed an ancient zyme
    59 | D:1      | Escaped the Abyss
   322 | D:1      | Reached skill level 4 in Fighting
   410 | D:1      | Reached XP level 2. HP: 22/28 MP: 2/2
   412 | D:1      | Reached * piety under Lugonu
   964 | D:2      | Reached skill level 5 in Fighting
  1162 | D:2      | Reached XP level 3. HP: 9/36 MP: 3/3
  1675 | D:3      | Found Japloapy's Antique Weapon Shoppe.
  1796 | D:3      | Frozen to death by an endoplasm

Illustrated notes

Levels and vault maps discovered:
D:1:      sevenhm_arrival_forest_fort_small_3, layout_basic,
          chequers_serial_rivers_large_a
D:2:      layout_rooms
D:3:      minmay_diamond_boxcup, layout_basic, grunt_dithmenos_smoke,
          serial_shops, shop, hellmonk_ecumenical_altar_lost_god,
          minmay_pentangle

Skill      XL: |  1  2 |
---------------+-------+-----
Fighting       | 4 5 |  5.6
Long Blades    | |  2.4
Armour         | |  2.4
Dodging        | |  1.1
Invocations    | |  1.7

Action                   || total
-------------------------++-------
Melee: Falchion          ||    72
       Headbutt          ||     3
Invok: Depart the Abyss  ||     1
Armor: Leather armour    ||    16
Dodge: Dodged            ||    39
       Rpst.: Falchion   ||    10
